 Dungeon Crawl Stone Soup version 0.25.1-2-g60ff931df9 (webtiles) character file.

Game seed: 7520489224332589632

74 lepoulpe303 the Skirmisher (level 4, -2/40 HPs)
             Began as a Draconian Fighter on Oct 14, 2020.
             Slain by a worm (8 damage)
             ... on level 2 of the Dungeon.
             The game lasted 00:03:21 (2152 turns).

lepoulpe303 the Skirmisher (Draconian Fighter)      Turns: 2152, Time: 00:03:21

Health: -2/40      AC:  5    Str: 19    XL:     4   Next: 10%
Magic:  5/5        EV: 10    Int:  9    God:
Gold:   111        SH:  9    Dex: 10    Spells: 3/3 levels left

rFire    . . .     SeeInvis .   a - +0 long sword
rCold    . . .     Gourm    .   b - +0 kite shield
rNeg     . . .     Faith    .   (armour unavailable)
rPois    .         Spirit   .   (helmet restricted)
rElec    .         Reflect  .   q - scarf {+Inv}
rCorr    .         Harm     .   (no gloves)
MR       .....                  (no boots)
Stlth    +.........             (no amulet)
HPRegen  0.13/turn              (no ring)
MPRegen  0.09/turn              (no ring)

@: no status effects
A: unfitting armour, cold-blooded, AC +5
a: Evoke Invisibility


You were on level 2 of the Dungeon.
You were not hungry.

You visited 1 branch of the dungeon, and saw 2 of its levels.

You collected 111 gold pieces.

Inventory:

Hand Weapons
 a - a +0 long sword (weapon)
Armour
 b - a +0 kite shield (worn)
 q - a scarf of invisibility (worn)
Jewellery
 g - an uncursed ring of fire {unknown}
Scrolls
 c - a scroll of enchant armour {unknown}
 h - a scroll of amnesia {unknown}
 i - 2 scrolls of remove curse {unknown}
 j - a scroll of fear {unknown}
 k - a scroll of random uselessness {unknown}
 m - 2 scrolls of magic mapping {unknown}
 n - a scroll of teleportation {unknown}
 r - 2 scrolls of identify {unknown}
Potions
 d - a potion of might
 l - 2 potions of curing {unknown}
 o - a potion of stabbing {unknown}
 p - 2 potions of haste {unknown}
Comestibles
 e - a ration


   Skills:
 + Level 3.8 Fighting
 + Level 2.6 Long Blades
 + Level 3.1 Dodging
 + Level 3.4 Shields
 * Level 1.3 Evocations


You had 3 spell levels left.
You didn't know any spells.
Your spell library was empty.

Dungeon Overview and Level Annotations

Branches:
Dungeon (2/15)

Altars:
Trog

Annotations:
D:2 Natasha


Innate Abilities, Weirdness & Mutations

Your plain brown scales are hard. (AC +5)
You cannot fit into any form of body armour.
You are cold-blooded and may be slowed by cold attacks.


Message History

The worm goes berserk!
The worm bites you.
You take 4 damage, and have 36/40 hp.
You slash the worm! The worm barely misses you.
You barely miss the worm. The worm bites you.
You take 2 damage, and have 34/40 hp.
You barely miss the worm. The worm bites you!
* * * LOW HITPOINT WARNING * * *
The worm closely misses you.
You take 11 damage, and have 23/40 hp.
MASSIVE DAMAGE!!
MP restored: 5 You barely miss the worm.
You block the worm's attack.
You hit the worm. The worm bites you!
* * * LOW HITPOINT WARNING * * *
You take 6 damage, and have 17/40 hp.
You hit the worm but do no damage. The worm bites you!
* * * LOW HITPOINT WARNING * * *
The worm bites you!
You die...

#.#.#.# #....# #.#
#.#...# #(...#
#.##### .###'#####
###### #.....[
#......# ######
######. #......#
##....### #.
#......###......)##
#.
#......##.......).#
#.
#......##....#....##
#.
#......##.@w###..).#
#.
##+###....(.#y#._..#
#. ####..(###....#
#. #..^(#....# #.
#....(....########.
##......)##........
##....############
######


You could see a moth of wrath and a worm (berserk).

Levels and vault maps discovered:
D:1:      kilobyte_arrival_exit_the_forest, layout_rooms
D:2:      layout_basic, tgw_trog, uniq_natasha

Notes
Turn   | Place    | Note
-------+----------+-------------------------------------------
     0 | D:1      | lepoulpe303 the Draconian Fighter began the quest for the
                  | Orb.
     0 | D:1      | Reached XP level 1. HP: 19/19 MP: 1/1
   102 | D:1      | Identified a +0 club
   201 | D:1      | Reached XP level 2. HP: 22/26 MP: 2/2
   295 | D:1      | Identified a +0 club
   452 | D:1      | Identified a +0 club
   454 | D:1      | Identified a cursed -3 whip
   478 | D:1      | Identified a cursed -2 club
   491 | D:1      | Identified a +0 dagger
   659 | D:1      | Identified a +0 dagger
   663 | D:1      | Reached skill level 3 in Dodging
   918 | D:1      | Identified a scarf of invisibility (You found it on level 1
                  | of the Dungeon)
   938 | D:2      | Identified a +0 short sword
   982 | D:2      | Identified a +0 club
  1000 | D:2      | Identified a +0 hunting sling
  1002 | D:2      | Identified a +0 club
  1006 | D:2      | Reached XP level 3. HP: 27/33 MP: 3/3
  1420 | D:2      | Reached skill level 1 in Evocations
  1422 | D:2      | Identified a +0 club
  1473 | D:2      | Identified a +0 club
  1579 | D:2      | Noticed Natasha
  1722 | D:2      | Identified a +0 club
  1902 | D:2      | Noticed a moth of wrath
  1906 | D:2      | Found a bloodstained altar of Trog.
  1915 | D:2      | Reached XP level 4. HP: 40/40 MP: 4/4
  2152 | D:2      | HP: 6/40 [worm (11)]
  2152 | D:2      | Slain by a worm

Table legend:
 A = Turns spent in this place as a percentage of turns spent in the entire game.
 B = Non-inter-level travel turns spent in this place as a percentage of non-inter-level travel turns spent in the entire game.
 C = Inter-level travel turns spent in this place as a percentage of turns spent in this place.
 D = Turns resting spent in this place as a percentage of non-inter-level travel turns spent in this place.
 E = Turns spent auto-exploring this place as a percentage of non-inter-level travel turns spent in this place.
 F = Non-inter-level travel turns spent in this place divided by the number of levels of this place that you've seen.
                   A       B       C       D       E      F
               +-------+-------+-------+-------+-------+----------------------
         Total | 100.0 | 100.0 |   3.5 |   8.1 |  76.4 | 1038.5
       Dungeon | 100.0 | 100.0 |   3.5 |   8.1 |  76.4 | 1038.5
               +-------+-------+-------+-------+-------+----------------------

Table legend:
 A = Kills in this place as a percentage of kills in entire the game.
 B = Kills by you in this place as a percentage of kills by you in the entire game.
 C = Kills by friends in this place as a percentage of kills by friends in the entire game.
 D = Other kills in this place as a percentage of other kills in the entire game.
 E = Experience gained in this place as a percentage of experience gained in the entire game.
 F = Experience gained in this place divided by the number of levels of this place that you have seen.
                   A       B       C       D       E      F
               +-------+-------+-------+-------+-------+----------------------
         Total | 100.0 | 100.0 |   N/A |   N/A | 100.0 |  53.5
       Dungeon | 100.0 | 100.0 |   N/A |   N/A | 100.0 |  53.5
               +-------+-------+-------+-------+-------+----------------------

Skill      XL: |  1  2  3 |
---------------+----------+-----
Dodging        | 3 |  3.1
Evocations     | 1 |  1.3
Fighting       | |  3.8
Long Blades    | |  2.6
Shields        | |  3.4

Action                   |  1- 3 |  4- 6 || total
-------------------------+-------+-------++-------
Melee: Long sword        |   109 |    15 ||   124
       Tailslap          |    15 |     1 ||    16
Throw: Javelin           |     9 |     5 ||    14
  Eat: Chunk             |     3 |       ||     3
       Ration            |       |     1 ||     1
Armor: Skin              |    34 |     1 ||    35
Dodge: Dodged            |    53 |     2 ||    55
Block: Kite shield       |    52 |     4 ||    56
       Rpst.: Long sword |    15 |       ||    15

Vanquished Creatures
  2 adders (D:2)
  An ooze (D:2)
  2 worms (D:2)
  A leopard gecko (D:1)
  3 giant cockroaches (D:1)
  3 goblins (D:2)
  8 hobgoblins
  4 jackals (D:1)
  A quokka (D:2)
  A ball python (D:2)
  3 bats
  3 frilled lizards (D:2)
  6 kobolds
  7 rats
45 creatures vanquished.
